 Dungeon Crawl Stone Soup version 0.26-a0-639-g72c4674329 (webtiles) character file.

Game seed: 15032021124290129618

10143 Borgoz the Basher (level 11, -11/108 HPs)
             Began as a Gargoyle Berserker on Sept 23, 2020.
             Was the Champion of Trog.
             Mangled by Rupert
             ... wielding a +2 great mace of protection
              (24 damage)
             ... on level 12 of the Dungeon.
             The game lasted 00:17:39 (11810 turns).

Borgoz the Basher (Gargoyle Berserker)             Turns: 11810, Time: 00:17:40

Health: -11/108    AC: 26    Str: 21    XL:     11   Next: 57%
Magic:  11/11      EV: 14    Int:  9    God:    Trog [******]
Gold:   770        SH:  0    Dex: 11    Spells: 10/10 levels left

rFire    . . .     SeeInvis .   H - +9 eveningstar (flame)
rCold    . . .     Faith    +   (no shield)
rNeg     + . .     Spirit   .   k - +0 ring mail
rPois    ∞         Reflect  .   J - +1 helmet
rElec    +         Harm     .   h - +1 cloak
rCorr    .         Rampage  .   w - +0 pair of gloves
MR       +++..                  f - +0 pair of boots
Stlth    ..........             d - amulet of faith
HPRegen  1.28/turn              i - ring of protection from magic
MPRegen  0.12/turn              v - +4 ring of protection

@: berserking, very slightly contaminated, regenerating, invisible, very quick
A: negative energy resistance 1, electricity resistance, unbreathing,
petrification resistance, rot immunity, AC +8
a: Berserk, Trog's Hand, Brothers in Arms, Renounce Religion


You were on level 12 of the Dungeon.
You worshipped Trog.
Trog was exalted by your worship.
You visited 2 branches of the dungeon, and saw 13 of its levels.
You also visited: Sewer.

You collected 770 gold pieces.

Inventory:

Hand Weapons
 a - a +3 vorpal dire flail
 b - a +1 antimagic great mace
 D - a +3 morningstar
 H - a +9 eveningstar of flaming (weapon)
Missiles
 A - a throwing net (quivered)
Armour
 f - a +0 pair of boots (worn)
 h - a +1 cloak (worn)
 k - a +0 ring mail (worn)
 t - a +2 kite shield
 w - a +0 pair of gloves (worn)
 J - a +1 helmet (worn)
Jewellery
 d - an amulet of faith (around neck)
 i - a ring of protection from magic (left hand)
 v - a +4 ring of protection (right hand)
 C - an uncursed ring of flight
 K - a +6 ring of intelligence {unknown}
Wands
 r - a wand of acid (3)
 E - a wand of iceblast (16)
 I - a wand of polymorph (16)
Scrolls
 c - 2 scrolls of fear
 g - 6 scrolls of teleportation
 l - 6 scrolls of enchant armour
 m - a scroll of noise {unknown}
 n - 2 scrolls of fog
 p - 3 scrolls of blinking {unknown}
 q - 4 scrolls of magic mapping {unknown}
 y - 5 scrolls of remove curse
 B - 3 scrolls of enchant weapon
 F - a scroll of holy word {unknown}
 G - a scroll of brand weapon
Potions
 j - 8 potions of curing
 o - 3 potions of flight
 s - a potion of ambrosia
 u - 3 potions of might
 z - a potion of cancellation


   Skills:
 + Level 10.0 Fighting
 + Level 10.3 Maces & Flails
 + Level 9.7 Armour
 + Level 7.5 Dodging


You had 10 spell levels left.
You didn't know any spells.
Your spell library was empty.

Dungeon Overview and Level Annotations

Branches:
Dungeon (12/15)            Temple (1/1) D:5            Lair (0/6) D:11
    Orc (0/2) D:10          Sewer (visited)

Altars:
Ashenzari
Cheibriados
Dithmenos
Elyvilon
Fedhas
Gozag
Hepliaklqana
Kikubaaqudgha
Makhleb
Nemelex Xobeh
Okawaru
Qazlal
Ru
Sif Muna
Trog
Uskayaw
Vehumet
Wu Jian
Xom
Yredelemnul
Zin
The Shining One

Shops:
D:5 }

Annotations:
D:5 1 runed translucent door
D:12 Rupert


Innate Abilities, Weirdness & Mutations

You are resistant to torment.
Your stone body is resilient. (AC +8)
You are immune to poison.
You resist negative energy. (rN+)
You are resistant to electric shocks. (rElec)
You can survive without breathing.
You are immune to petrification.
You are immune to rotting.


Message History

Rupert hits you but does no damage.
You hit Rupert but do no damage.
Rupert is heavily wounded.
Rupert hits you but does no damage.
You sock Rupert! You burn Rupert.
Rupert is severely wounded.
The slime creature barely misses you.
You barely miss Rupert.
Rupert is severely wounded.
Rupert hits you with a +2 great mace of protection.
* * * LOW HITPOINT WARNING * * *
You thump Rupert! You burn Rupert.
Rupert is severely wounded.
Rupert hits you with a +2 great mace of protection!
* * * LOW HITPOINT WARNING * * *
The slime creature misses you.
You hit Rupert but do no damage.
Rupert is severely wounded.
Rupert hits you with a +2 great mace of protection!!
You die...

##. ................####
...####.......#####..###
.......#........## ##....
.................## #..##
##...8....######..####.##
....≈≈≈..###.......###..#
....≈≈≈J.###.......##...#
....≈≈≈@...#..........<..
....≈≈≈J@#...............
.........##.............#
........####........#....
....##.## ...............
....... .#........#.÷..
...###. .............. ..
......(...!.. .#
#....<..##. ..
...####..#.


You could see Rupert (berserk) and 2 slime creatures.

Vanquished Creatures
  A fire dragon (D:11)
  A two-headed ogre (D:11)
  2 ugly things (D:11)
  A moth of wrath (shapeshifter) (D:11)
  A centaur skeleton (D:11)
  A kobold demonologist (D:11)
  A slime creature (D:12)
  A hornet (D:11)
  A hippogriff (D:8)
  Sigmund (D:2)
  A vampire (D:12)
  2 wraiths (D:11)
  3 yaks (D:11)
  Menkaure (D:4)
  A sky beast (D:11)
  A black bear (D:10)
  4 necrophages (D:8)
  4 orc warriors
  3 phantoms
  5 ogres
  A crocodile (D:8)
  3 big kobolds
  4 bullfrogs
  A gnoll sergeant (D:7)
  A wyvern skeleton (D:11)
  5 scorpions
  10 wights
  5 killer bees (D:10)
  2 howler monkeys
  A bullfrog zombie (D:8)
  A centaur zombie (D:11)
  2 quasits
  9 orc priests
  Crazy Yiuf (D:3)
  3 hounds
  3 jellies
  2 bullfrog skeletons
  Jessica (D:2)
  Terence (D:2)
  5 iguanas
  19 orc wizards
  5 worker ants
  2 hound zombies (D:9)
  A howler monkey zombie (D:5)
  A worker ant zombie (D:7)
  Robin (D:3)
  20 gnolls
  15 adders
  2 river rats (Sewer)
  3 white imps
  2 ufetubi
  3 oozes
  An adder zombie (D:8)
  4 worms
  2 dart slugs
  6 leopard geckos
  70 orcs
  6 ball pythons
  10 giant cockroaches
  18 goblins
  16 hobgoblins
  25 jackals
  7 quokkas
  14 bats
  4 frilled lizards
  A jackal skeleton (D:4)
  24 kobolds
  A leopard gecko skeleton (D:7)
  13 rats
  A bush (D:8)
394 creatures vanquished.

Vanquished Creatures (others)
  10 plants (D:8)
10 creatures vanquished.

Grand Total: 404 creatures vanquished

Notes
Turn   | Place    | Note
-------+----------+-------------------------------------------
     0 | D:1      | Borgoz the Gargoyle Berserker began the quest for the Orb.
     0 | D:1      | Reached XP level 1. HP: 14/14 MP: 1/1
    27 | D:1      | Reached XP level 2. HP: 9/19 MP: 2/2
   470 | D:1      | Reached XP level 3. HP: 23/23 MP: 3/3
   492 | D:1      | Reached ** piety under Trog
  1046 | D:2      | Reached XP level 4. HP: 26/29 MP: 4/4
  1604 | D:2      | Noticed Sigmund
  1614 | D:2      | Killed Sigmund
  1614 | D:2      | Reached XP level 5. HP: 34/34 MP: 5/5
  1614 | D:2      | Reached XP level 6. HP: 39/39 MP: 6/6
  1715 | D:2      | Noticed Terence
  1725 | D:2      | Killed Terence
  1800 | D:2      | Noticed Jessica
  1807 | D:2      | Killed Jessica
  1807 | D:2      | Reached skill level 5 in Maces & Flails
  1845 | D:2      | Reached *** piety under Trog
  1931 | D:2      | Found a snail-covered altar of Cheibriados.
  2159 | D:3      | Noticed Robin
  2178 | D:3      | Killed Robin
  2289 | D:3      | Reached **** piety under Trog
  2315 | D:3      | Found a faded altar of an unknown god.
  2367 | D:3      | Found a glowing drain.
  2421 | Sewer    | Entered a sewer
  2610 | Sewer    | Reached XP level 7. HP: 43/44 MP: 7/7
  3207 | D:3      | Reached skill level 5 in Fighting
  3264 | D:3      | Found a runed translucent door.
  3265 | D:3      | Noticed Crazy Yiuf
  3686 | D:3      | Found a shimmering blue altar of Sif Muna.
  3687 | D:3      | Found an ancient bone altar of Kikubaaqudgha.
  3687 | D:3      | Found a radiant altar of Vehumet.
  3738 | D:3      | Killed Crazy Yiuf
  3825 | D:4      | Reached ***** piety under Trog
  4095 | D:4      | Noticed Menkaure
  4104 | D:4      | Killed Menkaure
  4104 | D:4      | Reached XP level 8. HP: 44/50 MP: 8/8
  4265 | D:4      | Received a gift from Trog
  4422 | D:4      | Reached skill level 5 in Armour
  4505 | D:5      | Entered Level 5 of the Dungeon
  4666 | D:5      | Found a shattered altar of Ashenzari.
  4669 | D:5      | Found a stormy altar of Qazlal.
  4670 | D:5      | Found an opulent altar of Gozag.
  4670 | D:5      | Found a white marble altar of Elyvilon.
  4698 | D:5      | Found a burning altar of Makhleb.
  4769 | D:5      | Found Oshuriol's Gadget Shop.
  4780 | D:5      | Found a hide-covered altar of Uskayaw.
  4868 | D:5      | Found a staircase to the Ecumenical Temple.
  5020 | D:5      | Found a glowing silver altar of Zin.
  5020 | D:5      | Noticed an angel
  5021 | D:5      | Found a runed translucent door.
  5082 | Temple   | Entered the Ecumenical Temple
  5579 | D:6      | Reached XP level 9. HP: 56/56 MP: 9/9
  5998 | D:6      | You fall into a shaft and drop 2 floors!
  6262 | D:6      | Received a gift from Trog
  6373 | D:6      | Found a stormy altar of Qazlal.
  7082 | D:7      | Reached skill level 5 in Dodging
  8067 | D:8      | Found a blossoming altar of Fedhas.
  8096 | D:8      | Reached XP level 10. HP: 60/64 MP: 10/10
  8711 | D:9      | Received a gift from Trog
  9174 | D:10     | Entered Level 10 of the Dungeon
  9543 | D:10     | Found a staircase to the Orcish Mines.
 10048 | D:11     | Noticed a kobold demonologist
 10059 | D:11     | Killed a kobold demonologist
 10067 | D:11     | Noticed a two-headed ogre
 10072 | D:11     | Killed a two-headed ogre
 10267 | D:11     | Reached ****** piety under Trog
 10272 | D:11     | Found a staircase to the Lair.
 10275 | D:11     | Noticed a fire dragon
 10285 | D:11     | Noticed a purple ugly thing
 10294 | D:11     | Reached XP level 11. HP: 42/71 MP: 11/11
 10498 | D:11     | Noticed a moth of wrath
 10500 | D:11     | Killed a moth of wrath
 10737 | D:11     | Killed a purple ugly thing
 10748 | D:11     | Killed a fire dragon
 10748 | D:11     | Reached skill level 10 in Maces & Flails
 11121 | D:11     | Noticed a purple ugly thing
 11125 | D:11     | Killed a purple ugly thing
 11524 | D:12     | Reached skill level 10 in Fighting
 11722 | D:12     | Received a gift from Trog
 11785 | D:12     | Noticed Rupert
 11810 | D:12     | Mangled by Rupert

Illustrated notes

Levels and vault maps discovered:
D:1:      lightli_arrival_statuegarden, layout_basic, minmay_heptomino_d4
D:2:      minmay_evil_eye, layout_basic, cheibriados_altar_1,
          minmay_tiny_reverse_x, uniq_terence, uniq_jessica, uniq_sigmund
D:3:      layout_loops_ring, grunt_temple_overflow_magic_moments,
          portal_sewer_entry_a, chequers_ecumenical_altar_simple,
          uniq_crazy_yiuf_cottage, uniq_robin
D:4:      layout_basic, uniq_menkaure
D:5:      layout_basic, grunt_temple_overflow_open, minmay_temple_entry_mist,
          basic_altar, serial_shops, nicolae_shop_crystal, corexii_checkpoint_b,
          lemuel_angel_altar
D:6:      layout_basic, basic_altar
D:7:      layout_cave_pods
D:8:      layout_loops_ring, fedhas_altar_decomposition, serial_glass,
          glass_columns_a, glass_columns_a
D:9:      layout_long_grid
D:10:     layout_basic, hiddenorc2_lemuel, kennysheep_generic_room_4
D:11:     layout_loops_corners, minmay_lair_entry_lava, kennysheep_just_a_vault
D:12:     layout_rooms, hangedman_decor_riveting, serial_park_tiny_pond,
          uniq_rupert, uniq_josephine
Temple:   minmay_temple_bridge_abc

Skill      XL: |  1  2  3  4  5  6  7  8  9 10 11 |
---------------+----------------------------------+-----
Dodging        | 2 3 4 5 6 7 |  7.5
Maces & Flails | 4 5 6 7 8 9 10 | 10.3
Armour         | 3 4 5 7 8 9 |  9.7
Fighting       | 4 5 6 7 9 10 | 10.0

Action                   |  1- 3 |  4- 6 |  7- 9 | 10-12 || total
-------------------------+-------+-------+-------+-------++-------
Melee: Mace              |   125 |   293 |   203 |       ||   621
       Flail             |       |       |    71 |       ||    71
       Dire flail        |       |       |   315 |    77 ||   392
       Eveningstar       |       |       |       |   255 ||   255
Invok: Berserk           |     1 |     2 |     4 |     2 ||     9
       Trog's Hand       |       |       |     2 |     3 ||     5
  Use: Scroll            |       |     9 |     4 |     6 ||    19
       Potion            |       |       |     5 |     2 ||     7
Armor: Animal skin       |    70 |       |       |       ||    70
       Ring mail         |    15 |   168 |   282 |   181 ||   646
Dodge: Dodged            |   118 |   225 |   375 |   234 ||   952

Table legend: (Time is in decaauts)
 A = Elapsed time spent in this place.
 B = Non-inter-level travel time spent in this place.
 C = Inter-level travel time spent in this place.
 D = Time resting spent in this place.
 E = Time spent auto-exploring this place.
 F = Levels seen in this place.
 G = Mean time per level.
                   A        B        C        D        E       F      G
               +--------+--------+--------+--------+--------+-----+--------+
         Total |  12026 |  11691 |    335 |   2169 |   6804 |  14 |  859.0 |
       Dungeon |  11011 |  10699 |    312 |   2008 |   6365 |  12 |  917.6 |
        Temple |    195 |    172 |     23 |      0 |    172 |   1 |  195.0 |
         Sewer |    818 |    818 |      0 |    161 |    266 |   1 |  818.0 |
               +--------+--------+--------+--------+--------+-----+--------+

Top non-repeatable levels by time:
    D:11: 1480 daAuts
     D:6: 1192 daAuts
     D:2: 1138 daAuts
     D:1: 1053 daAuts
     D:3: 997 daAuts
     D:7: 895 daAuts
     D:8: 889 daAuts
    D:10: 846 daAuts
   Sewer: 818 daAuts
     D:5: 737 daAuts
     D:9: 733 daAuts
     D:4: 730 daAuts
    D:12: 316 daAuts
  Temple: 195 daAuts
